 Dungeon Crawl Stone Soup version 0.29-a0-82-g837932c90e (webtiles) character file.

Game seed: 17830975518355150339

3298 robertstho the Cleaver (level 9, 0/82 HPs)
             Began as a Minotaur Fighter on Feb 4, 2022.
             Was a Follower of Qazlal.
             Slain by an orc warrior (16 damage)
             ... in a bailey.
             The game lasted 00:10:04 (5756 turns).

robertstho the Cleaver (Minotaur Fighter)           Turns: 5756, Time: 00:10:05

Health: 0/82       AC: 15    Str: 25    XL:     9   Next: 70%
Magic:  20/20      EV:  8    Int: 10    God:    Qazlal [*.....]
Gold:   326        SH:  1    Dex: 10    Spells: 8/8 levels left

rFire   . . .      SeeInvis .   q - +0 battleaxe
rCold   . . .      Faith    .   (shield currently unavailable)
rNeg    . . .      Spirit   .   E - +0 plate armour
rPois   .          Reflect  .   n - +3 hat of Pondering {ponderous, Will+ MP+10 Int+5}
rElec   .          Harm     .   p - +0 cloak
rCorr   .          Rampage  .   (no gloves)
Will    +....                   (no boots)
Stlth   ..........              f - amulet of regeneration
HPRegen 1.03/turn               m - +4 ring of slaying
MPRegen 0.17/turn               b - ring of flight

@: flying, hasted, very quick
A: horns 2, retaliatory headbutt, iridescent scales 1, deformed body
a: Renounce Religion


You were in a bailey.
You worshipped Qazlal.
Qazlal was aware of your devotion.
You visited 2 branches of the dungeon, and saw 9 of its levels.
You also visited: Bailey.

You collected 361 gold pieces.
You spent 35 gold pieces at shops.

Inventory:

Hand Weapons
 a - a +1 war axe
 q - a +0 battleaxe (weapon)
 r - a +2 whip of freezing
Missiles
 i - a throwing net (quivered)
Armour
 c - a +0 buckler
 n - the +3 hat of Pondering (worn) {ponderous, Will+ MP+10 Int+5}
   (You acquired it on level 8 of the Dungeon)

   Int:       It affects your intelligence (+5).
   MP:        It affects your magic capacity (+10).
   Will:      It increases your willpower.
 p - a +0 cloak (worn)
 E - a +0 plate armour (worn)
Jewellery
 b - a ring of flight (right hand)
 f - an amulet of regeneration (around neck)
 m - a +4 ring of slaying (left hand)
 t - a ring of willpower
Wands
 d - a wand of polymorph (12)
 D - a wand of digging (5)
Scrolls
 h - a scroll of enchant weapon
 s - 2 scrolls of immolation
 v - 2 scrolls of holy word
 w - 2 scrolls of teleportation
 A - a scroll of noise {unknown}
Potions
 e - 3 potions of curing
 g - a potion of lignification
 j - 3 potions of magic {unknown}
 k - a potion of heal wounds
 l - a potion of flight
 o - 3 potions of mutation
 x - a potion of experience
 z - 2 potions of invisibility {unknown}
 B - a potion of attraction {unknown}


   Skills:
 * Level 8.9 Fighting
 + Level 9.3 Axes
 * Level 8.1 Armour
 + Level 3.8 Dodging
 + Level 4.2 Shields
 * Level 3.9 Invocations
 * Level 3.4 Evocations


You had 8 spell levels left.
You didn't know any spells.
Your spell library contained the following spells:

 Spells                   Type           Power      Damage    Failure   Level
 Beastly Appendage        Tmut           0%         N/A       99%         1
 Slow                     Hex            0%         N/A       99%         1
 Wereblood                Tmut           0%         N/A       100%        2
 Confusing Touch          Hex            0%         N/A       100%        3
 Dazzling Flash           Conj/Hex       0%         N/A       100%        3
 Spider Form              Tmut/Pois      0%         N/A       100%        3
 Vampiric Draining        Necr           0%         2d6       100%        3
 Iskenderun's Mystic Bla  Conj/Tloc      0%         2d3       100%        4
 Starburst                Conj/Fire      0%         6d3       100%        6


Dungeon Overview and Level Annotations

Branches:
Dungeon (8/15)             Temple (1/1) D:5          Bailey (1/1)
   Lair: D:8-11

Altars:
Ashenzari
Cheibriados
Dithmenos
Elyvilon
Fedhas
Gozag
Hepliaklqana
Kikubaaqudgha
Makhleb
Nemelex Xobeh
Okawaru
Qazlal
Ru
Trog
Uskayaw
Vehumet
Wu Jian
Xom
Yredelemnul
Zin
The Shining One

Shops:
D:2 :   D:3 (

Annotations:
D:4 2 transporters, bande's ghost, amateur GrFi


Innate Abilities, Weirdness & Mutations

You have a pair of horns on your head.
You reflexively headbutt those who attack you in melee.
You are partially covered in iridescent scales. (AC +2)
Armour fits poorly on your strangely shaped body.


Message History

You feel much better.
The orc knight hits you but does no damage.
You closely miss the orc knight.
The orc warrior hits you from afar with a +0 glaive.
The orc closely misses you.
The orc warrior hits you from afar with a +0 spear.
The orc knight hits you but does no damage.
You barely miss the orc knight. You headbutt the orc knight!
The orc knight is lightly wounded.
The orc warrior closely misses you. The orc hits you but does no damage.
You slice the orc knight!!
The orc knight is moderately wounded.
The orc no longer looks unusually strong.
The orc knight roars a battlecry!
The orc goes into a battle-frenzy!
The orc warrior hits you from afar with a +0 spear.
The orc warrior hits you from afar with a +0 glaive!!
The orc closely misses you. The orc hits you but does no damage.
You hit the orc knight.
The orc knight is heavily wounded.
The orc knight hits you but does no damage.
The orc warrior barely misses you.
The orc warrior hits you but does no damage.
Unknown command.
You barely miss the orc knight.
The orc knight is heavily wounded.
The orc no longer looks unusually strong.
The orc hits you from afar with a +0 halberd.
The orc closely misses you. The orc hits you but does no damage.
The orc warrior hits you but does no damage.
The orc knight roars a battlecry!
The orc goes into a battle-frenzy!
You closely miss the orc knight. You headbutt the orc knight.
The orc knight is heavily wounded.
The orc no longer looks unusually strong. x2
The orc warrior barely misses you. The orc closely misses you.
The orc hits you from afar with a +0 halberd! x2
* * * LOW HITPOINT WARNING * * *
The orc warrior hits you from afar with a +0 spear!
You die...

#.......#
#.......#
##.....##
##'''##
#.....#
#.....#
#.....#
#...○.#
#.o@..#
##'''##


##ooooo## #..oo...# #..#.#..# #.......# #.......# #.......# ##.....## You could
see an orc knight, 2 orc warriors and 5 orcs.

Vanquished Creatures
  A two-headed ogre (D:6)
  Pikel (D:5)
  Prince Ribbit (D:5)
  Eustachio (D:5)
  Duvessa (D:5)
  A water moccasin (D:7)
  2 black bears
  2 ice beasts
  2 orc warriors (Bailey)
  2 necrophages
  2 ogres
  A centaur (D:5)
  2 lemures
  A scorpion (D:6)
  Dowan (D:5)
  6 hounds
  3 jellies
  A bullfrog skeleton (D:6)
  A centaur zombie (D:8)
  3 centaur skeletons
  4 gnolls (D:3)
  6 adders
  A howler monkey skeleton (D:4)
  A shadow imp (D:6)
  An adder skeleton (D:4)
  2 dart slugs
  22 orcs
  12 ball pythons
  10 endoplasms
  5 giant cockroaches
  8 goblins
  5 jackals
  6 kobolds
  3 quokkas
  3 bats
  8 frilled lizards
  7 rats
139 creatures vanquished.

Vanquished Creatures (others)
  A fungus (D:3)
  2 plants (D:3)
3 creatures vanquished.

Grand Total: 142 creatures vanquished

Notes
Turn   | Place    | Note
-------+----------+-------------------------------------------
     0 | D:1      | robertstho the Minotaur Fighter began the quest for the
                  | Orb.
     0 | D:1      | Reached XP level 1. HP: 19/19 MP: 0/0
   284 | D:1      | Reached XP level 2. HP: 27/27 MP: 1/1
   846 | D:2      | Reached XP level 3. HP: 33/33 MP: 2/2
  1164 | D:2      | Found Itecolet's Book Emporium.
  1392 | D:3      | Reached skill level 3 in Axes
  1399 | D:3      | Found Buef's Weapon Shoppe.
  1406 | D:3      | Reached XP level 4. HP: 17/41 MP: 3/3
  1440 | D:3      | Bought a +0 war axe for 35 gold pieces
  1525 | D:3      | Found a faded altar of an unknown god.
  1556 | D:3      | Noticed an ogre
  1564 | D:3      | Killed an ogre
  1565 | D:3      | Reached skill level 5 in Fighting
  1565 | D:3      | Reached skill level 5 in Armour
  1565 | D:3      | Reached XP level 5. HP: 26/48 MP: 4/4
  2083 | D:3      | Reached skill level 4 in Axes
  2258 | D:4      | Found a transporter.
  2267 | D:4      | Found a transporter.
  2325 | D:4      | Noticed bande's ghost (amateur GrFi)
  2423 | D:4      | Reached skill level 1 in Dodging
  2423 | D:4      | Reached XP level 6. HP: 54/56 MP: 5/5
  2835 | D:4      | Reached skill level 5 in Axes
  2910 | D:5      | Entered Level 5 of the Dungeon
  2929 | D:5      | Noticed Eustachio
  2942 | D:5      | Killed Eustachio
  2943 | D:5      | Reached XP level 7. HP: 42/62 MP: 6/6
  3002 | D:5      | Found a staircase to the Ecumenical Temple.
  3011 | D:5      | Reached skill level 6 in Axes
  3012 | D:5      | Noticed Pikel
  3017 | Temple   | Entered the Ecumenical Temple
  3163 | Temple   | Became a worshipper of Qazlal Stormbringer
  3244 | D:5      | Gained mutation: Armour fits poorly on your strangely
                  | shaped body. [potion of mutation]
  3244 | D:5      | Gained mutation: You are partially covered in iridescent
                  | scales. (AC +2) [potion of mutation]
  3446 | D:5      | Noticed Dowan
  3447 | D:5      | Noticed Duvessa
  3473 | D:5      | Killed Duvessa
  3474 | D:5      | Reached skill level 1 in Invocations
  3474 | D:5      | Reached skill level 1 in Evocations
  3474 | D:5      | Reached XP level 8. HP: 67/67 MP: 7/7
  3481 | D:5      | Killed Pikel
  3482 | D:5      | Reached skill level 7 in Axes
  3483 | D:5      | Killed Dowan
  3642 | D:5      | Noticed Prince Ribbit
  3648 | D:5      | Killed Prince Ribbit
  4026 | D:6      | Noticed a two-headed ogre
  4033 | D:6      | Killed a two-headed ogre
  4034 | D:6      | Reached skill level 8 in Axes
  4034 | D:6      | Reached XP level 9. HP: 36/81 MP: 10/10
  5312 | D:7      | Reached skill level 9 in Axes
  5532 | D:8      | Identified a scroll of acquirement
  5532 | D:8      | Acquired the +3 hat of Pondering {ponderous, Will+ MP+10
                  | Int+5}
  5532 | D:8      | Found the +3 hat of Pondering {ponderous, Will+ MP+10
                  | Int+5}
  5615 | D:8      | Found a flagged portal.
  5627 | Bailey   | Entered a bailey
  5636 | Bailey   | Reached * piety under Qazlal
  5739 | Bailey   | Noticed an orc knight
  5756 | Bailey   | Slain by an orc warrior

Illustrated notes

Levels and vault maps discovered:
D:1:      elethiomel_arrival_quiet, layout_rooms
D:2:      layout_loops_ring, serial_shops, shop_fountains, minmay_quadrilaterals
D:3:      minmay_diamond_boxcup, layout_loops_ring,
          shapermc_ecumenical_altar_mp_ritualfount, serial_shops,
          nicolae_shop_advertising_works [nicolae_subvault_shop_adworks],
          st_stairs_5
D:4:      layout_gridville, serial_rivers, chequers_serial_rivers_micro_e,
          chequers_serial_rivers_micro_a, chequers_serial_rivers_micro_b,
          chequers_serial_rivers_small_3, chequers_serial_rivers_micro_a,
          gammafunk_ghost_stat_death, hangedman_minor_gate_pass
D:5:      layout_rooms, minmay_temple_entry_purple_smoke, uniq_prince_ribbit1,
          uniq_eustachio, uniq_duvessa, uniq_pikel
D:6:      layout_layer_cave
D:7:      layout_loops_cross
D:8:      layout_loops_cross, mainiacjoe_overflow_alcove_4,
          minmay_lair_entry_grove, enter_bailey_5, minmay_misc_feat_encased,
          minmay_misc_feat_x, minmay_holes
Temple:   kilobyte_greek_temple
Bailey:   bailey_polearm_5, bailey

Skill      XL: |  1  2  3  4  5  6  7  8  9 |
---------------+----------------------------+-----
Armour         | 4 5 6 7 8 |  8.1
Fighting       | 4 5 6 8 |  8.9
Shields        | 4 |  4.2
Axes           | 3 4 5 6 8 9 |  9.3
Dodging        | 1 2 3 |  3.8
Invocations    | 1 3 |  3.9
Evocations     | 1 3 |  3.4

Action                   |  1- 3 |  4- 6 |  7- 9 || total
-------------------------+-------+-------+-------++-------
Melee: War axe           |    70 |    32 |       ||   102
       Headbutt          |    10 |    12 |    17 ||    39
       Battleaxe         |       |    56 |   150 ||   206
  Use: Potion            |       |     1 |    10 ||    11
       Scroll            |       |     2 |     7 ||     9
Armor: Scale mail        |    23 |    51 |    35 ||   109
       Skin              |       |       |    55 ||    55
       Plate armour      |       |       |    82 ||    82
Dodge: Dodged            |    35 |    72 |   124 ||   231
Block: Buckler           |    10 |     7 |       ||    17
       Other             |       |       |     5 ||     5

Table legend: (Time is in decaauts)
 A = Elapsed time spent in this place.
 B = Non-inter-level travel time spent in this place.
 C = Inter-level travel time spent in this place.
 D = Time resting spent in this place.
 E = Time spent auto-exploring this place.
 F = Levels seen in this place.
 G = Mean time per level.
                   A        B        C        D        E       F      G
               +--------+--------+--------+--------+--------+-----+--------+
         Total |   5860 |   5550 |    310 |     66 |   4507 |  10 |  586.0 |
       Dungeon |   5534 |   5266 |    268 |     66 |   4301 |   8 |  691.8 |
        Temple |    188 |    146 |     42 |      0 |    133 |   1 |  188.0 |
        Bailey |    136 |    136 |      0 |      0 |     72 |   1 |  136.0 |
               +--------+--------+--------+--------+--------+-----+--------+

Top non-repeatable levels by time:
     D:6: 1088 daAuts
     D:3: 889 daAuts
     D:2: 855 daAuts
     D:4: 780 daAuts
     D:5: 706 daAuts
     D:7: 612 daAuts
     D:1: 494 daAuts
  Temple: 188 daAuts
  Bailey: 136 daAuts
     D:8: 108 daAuts
